 Dungeon Crawl Stone Soup version 0.27.1-33-g824d729ab1 (webtiles) character file.

Game seed: 2408607881228199040

83 Nixze the Chucker (level 4, 0/42 HPs)
             Began as an Ogre Arcane Marksman on Dec 7, 2021.
             Killed by nerve-wracking pain
             ... invoked by Grinder
              (11 damage)
             ... on level 3 of the Dungeon.
             The game lasted 00:08:59 (2324 turns).

Nixze the Chucker (Ogre Arcane Marksman)            Turns: 2324, Time: 00:08:59

Health: 0/42       AC:  3    Str: 14    XL:     4   Next: 44%
Magic:  5/5        EV:  9    Int: 14    God:
Gold:   101        SH:  0    Dex: 10    Spells: 4/5 levels left

rFire    . . .     SeeInvis .   f - +0 hunting sling
rCold    . . .     Faith    .   (no shield)
rNeg     . . .     Spirit   .   a - +0 robe
rPois    .         Reflect  .   (helmet restricted)
rElec    .         Harm     .   (no cloak)
rCorr    .         Rampage  .   (gloves unavailable)
Will     .....                  (boots unavailable)
Stlth    +.........             e - amulet of regeneration
HPRegen  1.14/turn              (no ring)
MPRegen  0.09/turn              (no ring)

@: no status effects
A: large, unfitting armour, tough skin 1
a: no special abilities


You were on level 3 of the Dungeon.
You visited 1 branch of the dungeon, and saw 3 of its levels.

You collected 101 gold pieces.

Inventory:

Hand Weapons
 f - a +0 hunting sling (weapon)
 g - a +0 long sword
 r - a +2 vorpal spear
Missiles
 c - 2 throwing nets (quivered)
 o - 13 sling bullets (quivered ammo)
Armour
 a - a +0 robe (worn)
Jewellery
 d - a +4 ring of evasion
 e - an amulet of regeneration (around neck)
Scrolls
 b - a scroll of enchant armour {unknown}
 h - a scroll of enchant weapon {unknown}
 l - a scroll of magic mapping {unknown}
 m - 2 scrolls of blinking {unknown}
Potions
 i - a potion of magic {unknown}
 j - a potion of haste {unknown}
 k - a potion of degeneration {unknown}
 n - 3 potions of curing {unknown}
 q - a potion of cancellation {unknown}


   Skills:
 - Level 2.0 Fighting
 + Level 1.3 Long Blades
 - Level 4.0 Throwing
 - Level 1.7 Dodging
 - Level 1.2 Spellcasting
 - Level 2.6 Hexes


You had 4 spell levels left.
You knew the following spells:

 Your Spells              Type           Power      Damage    Failure   Level
a - Corona                Hex            8%         N/A       9%          1

Your spell library contained the following spells:

 Spells                   Type           Power      Damage    Failure   Level
 Slow                     Hex            8%         N/A       13%         2
 Corpse Rot               Necr/Air       N/A        N/A       36%         2
 Poisonous Vapours        Pois/Air       0%         N/A       36%         2
 Inner Flame              Hex/Fire       4%         N/A       41%         3
 Portal Projectile        Hex/Tloc       8%         N/A       41%         3
 Cause Fear               Hex            4%         N/A       65%         4
 Freezing Cloud           Conj/Ice/Air   0%         6-21      100%        5


Dungeon Overview and Level Annotations

Branches:
Dungeon (3/15)

Altars:
Dithmenos
Uskayaw

Shops:
D:1 **[!

Annotations:
D:3 1 runed translucent door, Crazy Yiuf, Grinder


Innate Abilities, Weirdness & Mutations

You are too large for most types of armour.
You have tough skin. (AC +1)


Message History

Aim: Grinder (lightly wounded, softly glowing, 72% to hit)
You shoot a sling bullet. The sling bullet hits Grinder.
Grinder is lightly wounded.
Grinder stops glowing.
Grinder hits you!
You writhe in agony.
Fire: 14 sling bullets
Press: ? - help, Q - select action, (/) - cycle Shift-Dir - straight line, f/p - Grinder
Aim: Grinder (lightly wounded, 52% to hit)
You shoot a sling bullet. The sling bullet hits Grinder.
Grinder is moderately wounded.
Grinder hits you!
You writhe in agony.
Throw: 4 large rocks
Press: ? - help, Q - select action, (/) - cycle Shift-Dir - straight line, f/p - Grinder
Aim: Grinder (moderately wounded, 55% to hit)
You throw a large rock. The large rock barely misses Grinder.
You hear a shout!
Grinder closely misses you. Grinder hits you.
You writhe in agony.
Throw: 3 large rocks
Press: ? - help, Q - select action, (/) - cycle Shift-Dir - straight line, f/p - Grinder
Aim: Grinder (lightly wounded, 55% to hit)
You throw a large rock. The large rock closely misses Grinder.
Grinder hits you!
* * * LOW HITPOINT WARNING * * *
You writhe in agony.
* * * LOW HITPOINT WARNING * * *
A goblin comes into view. It is wielding a +0 club.
Grinder hits you but does no damage.
Throw: 2 large rocks
Press: ? - help, Q - select action, (/) - cycle Shift-Dir - straight line, f/p - Grinder
Aim: Grinder (lightly wounded, 55% to hit)
You throw a large rock. The large rock hits Grinder!
Grinder is heavily wounded.
Grinder closely misses you.
Throw: large rock
Press: ? - help, Q - select action, (/) - cycle Shift-Dir - straight line, f/p - Grinder
Aim: Grinder (heavily wounded, 55% to hit)
You throw a large rock. The large rock hits Grinder.
Grinder is heavily wounded.
Grinder gestures at you. Pain shoots through your body!
You die...

### ..# #
#.#####.##.#
#..5.......#
#g#
#######5##
........@#
#######..#
#..#
############
#..#
#...........
#..#
#.[#...#...#
#..#
#_..........
#..#
#..#...#...#
#..#
#...........
#..#
############


You could see Grinder and a goblin.

Vanquished Creatures
  An adder (D:2)
  3 dart slugs
  An orc (D:3)
  8 ball pythons
  2 bats
  6 endoplasms
  2 giant cockroaches (D:1)
  10 hobgoblins
  3 kobolds
  3 quokkas
  A frilled lizard (D:3)
  9 goblins
  10 rats
59 creatures vanquished.

Notes
Turn   | Place    | Note
-------+----------+-------------------------------------------
     0 | D:1      | Nixze the Ogre Arcane Marksman began the quest for the Orb.
     0 | D:1      | Reached XP level 1. HP: 19/19 MP: 2/2
   301 | D:1      | Found Otikkadd's Distillery.
   343 | D:1      | Reached XP level 2. HP: 27/27 MP: 1/3
   437 | D:1      | Reached skill level 3 in Throwing
   595 | D:1      | Found a faded altar of an unknown god.
   624 | D:1      | Reached XP level 3. HP: 23/33 MP: 4/4
   705 | D:1      | Found Peuv's General Store.
   773 | D:1      | Found Geasem's General Store.
   860 | D:1      | Found Cooquy Ygaz's Armour Emporium.
  1632 | D:2      | Reached skill level 4 in Throwing
  1845 | D:2      | Reached XP level 4. HP: 42/42 MP: 5/5
  1867 | D:2      | Reached skill level 1 in Long Blades
  2103 | D:3      | Found a hide-covered altar of Uskayaw.
  2134 | D:3      | Found a shadowy altar of Dithmenos.
  2238 | D:3      | Found a runed translucent door.
  2239 | D:3      | Noticed Crazy Yiuf
  2307 | D:3      | Noticed Grinder
  2307 | D:3      | Paralysed by Grinder for 3 turns
  2324 | D:3      | Killed from afar by Grinder

Illustrated notes

Levels and vault maps discovered:
D:1:      nzn_arrival_depleted_hourglass, layout_basic, serial_shops,
          nicolae_shop_statue_plus, nicolae_diamond_shop, nicolae_shop_crystal,
          shop, hellmonk_ecumenical_altar_crossroads, minmay_tromino_mix6
D:2:      layout_loops_corners, minmay_randomly_rotated_circles
D:3:      layout_loops_ring, general_overflow_altar,
          lemuel_coloured_pillars_altar, lightli_corner_chamber,
          uniq_crazy_yiuf_cottage, uniq_jessica, uniq_grinder

Skill      XL: |  1  2  3  4 |
---------------+-------------+-----
Throwing       | 3 4 |  4.0
Fighting       | 2 |  2.0
Long Blades    | 1 |  1.3
Dodging        | |  1.7
Spellcasting   | |  1.2
Hexes          | |  2.6

Action                   |  1- 3 |  4- 6 || total
-------------------------+-------+-------++-------
Melee: Unarmed           |    14 |       ||    14
       Club              |    12 |       ||    12
       Dagger            |   213 |    28 ||   241
       Spear             |       |    18 ||    18
 Fire: Hunting sling     |       |     6 ||     6
Throw: Large rock        |     5 |     7 ||    12
 Cast: Corona            |     4 |     1 ||     5
 Stab: Sleeping          |       |     1 ||     1
Armor: Robe              |    59 |    11 ||    70
Dodge: Dodged            |    95 |    22 ||   117
